Tigers vs Monsters

Created - Tuesday, November 11, 2014 at 23:19

Goals
1 2 3 T
Tigers 4 4 1 9
Monsters 0 0 1 1
Shots
1 2 3 T
Tigers 16 8 6 30
Monsters 2 4 11 17

1st period

1. Tigers , Harry Zolnierczyk 11 (Bracken Kearns) at 1:14
2. Tigers , Alexander Khokhlachev 4 (Bracken Kearns) at 10:21
3. Tigers , Harry Zolnierczyk 12 (Bracken Kearns) at 14:43 (PP)
4. Tigers , Bracken Kearns 4 (Ty Rattie, Harry Zolnierczyk) at 15:17

Penalties :
Farm Player18 (LAM) for Fighting (Major) at 2:36, Will Weber (BRI) for Fighting (Major) at 2:36, Mike Mottau (LAM) for Roughing (Minor) at 14:04, Paul Bissonnette (LAM) for Fighting (Major) at 14:48, Anthony Peluso (BRI) for Fighting (Major) at 14:48, Andrej Nestrasil (LAM) for Fighting (Major) at 15:20, Nolan Yonkman (BRI) for Fighting (Major) at 15:20, Andrej Nestrasil (LAM) for instigated a fight (Minor) at 15:20, Andrej Nestrasil (LAM) for instigated a fight (10 Minutes Misconduct) at 15:20, Mike Mottau (LAM) for Hooking (Minor) at 19:35

2nd period

5. Tigers , Anthony Peluso 2 (Toby Petersen, Kane Lafranchise) at 2:13
6. Tigers , Jed Ortmeyer 2 (Alexander Khokhlachev) at 8:10
7. Tigers , Harry Zolnierczyk 13 (Bracken Kearns) at 9:21 (PP)
8. Tigers , Harry Zolnierczyk 14 (Kane Lafranchise) at 18:25

Penalties :
Matthew Corrente (LAM) for Fighting (Major) at 5:14, Anthony Peluso (BRI) for Fighting (Major) at 5:14, Farm Player27 (LAM) for Holding (Minor) at 8:13, Will Weber (BRI) for Hooking (Minor) at 10:05

3rd period

9. Tigers , Bracken Kearns 5 (Brandon DeFazio) at 14:18
10. Monsters , T.J. Hensick 6 (Benn Ferriero) at 15:44 (SH)

Penalties :
Matthew Corrente (LAM) for Fighting (Major) at 6:05, Nolan Yonkman (BRI) for Fighting (Major) at 6:05, Nolan Yonkman (BRI) for instigated a fight (Minor) at 6:05, Nolan Yonkman (BRI) for instigated a fight (10 Minutes Misconduct) at 6:05, Raphael Bussieres (LAM) for Fighting (Major) at 8:56, Anthony Peluso (BRI) for Fighting (Major / Game Misconduct) at 8:56, Raphael Bussieres (LAM) for Tripping (Minor) at 14:41

Goalie Stats

Andrew Hammond (BRI), 16 saves from 17 shots - (0.941), W, 3-1-2, 60:00 minutes
Farm Player80 (LAM), 4 saves from 8 shots - (0.500), 23:08 minutes
Farm Player100 (LAM), 17 saves from 22 shots - (0.773), L, 0-7-0, 36:52 minutes

Players Stats for Tigers

Player Name              G  A  P  +/- PIM S  H  SB GA TA FO     MP     PP MP  PK MP  
------------------------------------------------------------------------------------
A.J. Gale                0  0  0   2  0   0  2  0  0  0  1/1     7:28   0:00   0:00 
Adam Comrie              0  0  0   5  0   1  0  1  0  2  0/0    25:57   5:37   2:46 
Alexander Khokhlachev    1  1  2   2  0   3  2  1  5  1  9/17   23:49   4:24   2:57 
Anthony Peluso           1  0  1   1  25  2  0  1  2  0  0/0    11:24   0:00   1:20 
Austin Levi              0  0  0   0  0   0  0  1  0  0  0/0    16:15   0:23   0:47 
Ben Blood                0  0  0   0  0   0  0  1  0  0  0/0    21:10   3:51   0:00 
Bracken Kearns           2  4  6   4  0   6  1  2  2  0  7/13   22:31   3:20   1:01 
Brandon Bollig           0  0  0   0  0   0  2  0  1  1  0/0    18:23   4:24   2:51 
Brandon DeFazio          0  1  1   2  0   0  2  0  0  0  1/1    17:28   0:00   0:00 
Carter Rowney            0  0  0   0  0   0  0  0  0  0  0/0     0:00   0:00   0:00 
Geoff Walker             0  0  0   0  0   0  0  0  0  0  0/0     0:00   0:00   0:00 
Harry Zolnierczyk        4  1  5   2  0   10 2  0  2  1  0/0    16:42   3:20   0:00 
Jed Ortmeyer             1  0  1   1  0   2  2  1  3  0  0/1    21:39   4:24   0:10 
Kane Lafranchise         0  2  2   2  0   0  1  2  0  2  0/0    21:29   2:07   1:12 
Nolan Yonkman            0  0  0   4  22  1  0  0  0  0  0/0    15:42   1:23   1:59 
Toby Petersen            0  1  1   2  0   3  1  0  4  0  5/9    17:51   0:00   0:00 
Ty Rattie                0  1  1   2  0   2  3  0  1  0  0/0    19:02   3:20   0:00 
Will Weber               0  0  0   1  7   0  2  0  0  0  0/0    19:28   2:07   1:12 

Players Stats for Monsters

Player Name              G  A  P  +/- PIM S  H  SB GA TA FO     MP     PP MP  PK MP  
------------------------------------------------------------------------------------
Andrej Nestrasil         0  0  0  -2  17  1  4  1  0  0  0/1    13:31   1:47   0:02 
Andrew Joudrey           0  0  0  -1  0   1  0  0  0  1  2/8    14:13   1:44   0:00 
Benn Ferriero            0  1  1  -2  0   1  4  1  4  0  5/9    20:53   2:14   6:43 
Brett Hextall            0  0  0  -3  0   1  1  0  2  0  0/0    14:48   0:00   1:24 
Farm Player12            0  0  0  -3  0   0  1  0  0  0  0/0    26:08   2:28   0:21 
Farm Player13            0  0  0  -2  0   0  0  0  0  2  0/0    18:48   0:51   2:43 
Farm Player18            0  0  0   0  5   0  1  0  0  0  0/1     9:04   0:00   0:00 
Farm Player27            0  0  0  -2  2   1  2  0  1  1  0/0    16:24   0:00   3:37 
Farm Player72            0  0  0   0  0   1  2  0  0  0  0/1     9:31   0:00   0:00 
Gleason Fournier         0  0  0   0  0   1  1  1  0  0  0/0    22:36   2:25   2:59 
Justin Mercier           0  0  0   0  0   0  0  0  0  0  0/0     0:32   0:00   0:00 
Matthew Corrente         0  0  0  -1  10  0  8  0  0  1  0/0    22:46   0:39   2:59 
Max Friberg              0  0  0  -2  0   1  3  1  0  2  1/1    17:19   1:44   1:01 
Mike Mottau              0  0  0  -6  4   1  1  0  1  3  0/0    24:26   1:33   2:49 
Paul Bissonnette         0  0  0  -1  5   4  3  0  3  0  0/1    13:09   1:44   0:01 
Raphael Bussieres        0  0  0  -2  7   1  1  0  2  0  0/0    14:52   0:27   0:00 
T.J. Hensick             1  0  1  -2  0   3  2  1  3  1  8/15   20:53   2:14   6:43 
Tanner Richard           0  0  0  -2  0   0  2  1  1  0  3/5    12:39   0:00   0:00 

3 Stars

1 - Harry Zolnierczyk (BRI)
2 - Bracken Kearns (BRI)
3 - Alexander Khokhlachev (BRI)

Power Play

Tigers - 2 on 5 Attempt(s) - 40.00%
Monsters - 0 on 2 Attempt(s) - 0.00%

Penalty Kill

Tigers - 2 on 2 Attempt(s) - 100.00% - Score 0 goal in Penalty Kill
Monsters - 3 on 5 Attempt(s) - 60.00% - Score 1 goal in Penalty Kill

Official

Referees : Unknown
Linesman : Unknown

Game Notes

Farm Player18 and Will Weber fight to a draw at 2:36 of 1st period
Paul Bissonnette and Anthony Peluso fight to a draw at 14:48 of 1st period
Farm Player80 enters game at 15:17 of 1st period
Nolan Yonkman beats up Andrej Nestrasil at 15:20 of 1st period
Matthew Corrente and Anthony Peluso fight to a draw at 5:14 of 2nd period
Harry Zolnierczyk has scored a Hat Trick!
Farm Player100 enters game at 18:25 of 2nd period
Nolan Yonkman beats up Matthew Corrente at 6:05 of 3rd period
Anthony Peluso beats up Raphael Bussieres at 8:56 of 3rd period
Anthony Peluso ejected from game at 8:56 of 3rd period

Finance

Level 1 -- Attendance: 1444 (72.20%) -- Ticket Income $50,540
Level 2 -- Attendance: 796 (79.60%) -- Ticket Income $11,940
Total Attendance: 2240 (74.67%)
Total Ticket Income: $62,480
Other Income: $30,615
Total Income: $93,095

Tigers

5 vs 5 Forward 
   Center                   Left Wing                Right Wing               Time % Phy DF OF 
 1 Alexander Khokhlachev    Brandon Bollig           Jed Ortmeyer             35     1   2  2  
 2 Bracken Kearns           Harry Zolnierczyk        Ty Rattie                30     1   2  2  
 3 Toby Petersen            Brandon DeFazio          Anthony Peluso           22     1   2  2  
 4 Alexander Khokhlachev    A.J. Gale                Jed Ortmeyer             13     1   2  2  

5 vs 5 Defense 
   Defense                  Defense                                           Time % Phy DF OF 
 1 Adam Comrie              Nolan Yonkman                                     35     1   2  2  
 2 Kane Lafranchise         Will Weber                                        30     1   2  2  
 3 Ben Blood                Austin Levi                                       22     1   2  2  
 4 Adam Comrie              Nolan Yonkman                                     13     1   2  2  

PowerPlay Forward 
   Center                   Left Wing                Right Wing               Time % Phy DF OF 
 1 Alexander Khokhlachev    Brandon Bollig           Jed Ortmeyer             60     1   2  2  
 2 Bracken Kearns           Harry Zolnierczyk        Ty Rattie                40     1   2  2  

PowerPlay Defense
   Defense                  Defense                                           Time % Phy DF OF 
 1 Adam Comrie              Nolan Yonkman                                     60     1   2  2  
 2 Kane Lafranchise         Will Weber                                        40     1   2  2  

Penalty Kill 4 Players Forward 
   Center                   Wing                     Time % Phy DF OF 
 1 Alexander Khokhlachev    Brandon Bollig           60     1   2  2  
 2 Jed Ortmeyer             Bracken Kearns           40     1   2  2  

Penalty Kill 4 Players Defense
   Defense                  Defense                  Time % Phy DF OF 
 1 Adam Comrie              Nolan Yonkman            60     1   2  2  
 2 Kane Lafranchise         Will Weber               40     1   2  2  

Penalty Kill - 3 Players Forward 
   Forward                                           Time % Phy DF OF 
 1 Alexander Khokhlachev                             60     1   2  2  
 2 Brandon Bollig                                    40     1   2  2  

Penalty Kill - 3 Players Defense
   Defense                  Defense                  Time % Phy DF OF 
 1 Adam Comrie              Nolan Yonkman            60     1   2  2  
 2 Kane Lafranchise         Will Weber               40     1   2  2  

4 vs 4 Forward 
   Center                   Wing                     Time % Phy DF OF 
 1 Alexander Khokhlachev    Brandon Bollig           60     1   2  2  
 2 Jed Ortmeyer             Bracken Kearns           40     1   2  2  

4 vs 4 Defense
   Defense                  Defense                  Time % Phy DF OF 
 1 Adam Comrie              Nolan Yonkman            60     1   2  2  
 2 Kane Lafranchise         Will Weber               40     1   2  2  

Last Minutes Offensive
   Center                   Left Wing                Right Wing               Defense                  Defense                  
   Alexander Khokhlachev    Brandon Bollig           Jed Ortmeyer             Adam Comrie              Nolan Yonkman            

Last Minutes Defensive
   Center                   Left Wing                Right Wing               Defense                  Defense                  
   Alexander Khokhlachev    Brandon Bollig           Jed Ortmeyer             Adam Comrie              Nolan Yonkman            

Goaltenders
Starting : Andrew Hammond           
Backup : Allen York               

Extra Forwards
Normal : Toby Petersen, Brandon DeFazio, Anthony Peluso - PP : Toby Petersen, Brandon DeFazio - PK : Anthony Peluso
Extra Defensemen
Normal : Ben Blood, Austin Levi, Kane Lafranchise - PP : Ben Blood - PK : Austin Levi, Kane Lafranchise
Penalty Shots
Alexander Khokhlachev, Brandon Bollig, Jed Ortmeyer, Bracken Kearns, Ty Rattie

Monsters

5 vs 5 Forward 
   Center                   Left Wing                Right Wing               Time % Phy DF OF 
 1 T.J. Hensick             Benn Ferriero            Andrej Nestrasil         35     1   2  2  
 2 Andrew Joudrey           Max Friberg              Paul Bissonnette         30     1   2  2  
 3 Tanner Richard           Raphael Bussieres        Brett Hextall            22     1   2  2  
 4 Farm Player72            Farm Player27            Farm Player18            13     1   2  2  

5 vs 5 Defense 
   Defense                  Defense                                           Time % Phy DF OF 
 1 Farm Player12            Mike Mottau                                       35     1   2  2  
 2 Matthew Corrente         Gleason Fournier                                  30     1   2  2  
 3 Farm Player12            Farm Player13                                     22     1   2  2  
 4 Matthew Corrente         Mike Mottau                                       13     1   2  2  

PowerPlay Forward 
   Center                   Left Wing                Right Wing               Time % Phy DF OF 
 1 T.J. Hensick             Benn Ferriero            Andrej Nestrasil         60     1   2  2  
 2 Andrew Joudrey           Max Friberg              Paul Bissonnette         40     1   2  2  

PowerPlay Defense
   Defense                  Defense                                           Time % Phy DF OF 
 1 Farm Player12            Mike Mottau                                       60     1   2  2  
 2 Matthew Corrente         Gleason Fournier                                  40     1   2  2  

Penalty Kill 4 Players Forward 
   Center                   Wing                     Time % Phy DF OF 
 1 Benn Ferriero            T.J. Hensick             60     1   2  2  
 2 Andrej Nestrasil         Max Friberg              40     1   2  2  

Penalty Kill 4 Players Defense
   Defense                  Defense                  Time % Phy DF OF 
 1 Farm Player27            Mike Mottau              60     1   2  2  
 2 Matthew Corrente         Gleason Fournier         40     1   2  2  

Penalty Kill - 3 Players Forward 
   Forward                                           Time % Phy DF OF 
 1 Benn Ferriero                                     60     1   2  2  
 2 T.J. Hensick                                      40     1   2  2  

Penalty Kill - 3 Players Defense
   Defense                  Defense                  Time % Phy DF OF 
 1 Farm Player13            Mike Mottau              60     1   2  2  
 2 Matthew Corrente         Gleason Fournier         40     1   2  2  

4 vs 4 Forward 
   Center                   Wing                     Time % Phy DF OF 
 1 Benn Ferriero            T.J. Hensick             60     1   2  2  
 2 Andrej Nestrasil         Max Friberg              40     1   2  2  

4 vs 4 Defense
   Defense                  Defense                  Time % Phy DF OF 
 1 Farm Player12            Mike Mottau              60     1   2  2  
 2 Matthew Corrente         Gleason Fournier         40     1   2  2  

Last Minutes Offensive
   Center                   Left Wing                Right Wing               Defense                  Defense                  
   T.J. Hensick             Benn Ferriero            Andrej Nestrasil         Matthew Corrente         Mike Mottau              

Last Minutes Defensive
   Center                   Left Wing                Right Wing               Defense                  Defense                  
   T.J. Hensick             Benn Ferriero            Andrej Nestrasil         Matthew Corrente         Mike Mottau              

Goaltenders
Starting : Farm Player100           
Backup : Farm Player80            

Extra Forwards
Normal : Raphael Bussieres, Tanner Richard, Brett Hextall - PP : Raphael Bussieres, Tanner Richard - PK : Brett Hextall
Extra Defensemen
Normal : Farm Player12, Farm Player13, Farm Player27 - PP : Farm Player12 - PK : Farm Player13, Farm Player27
Penalty Shots
Benn Ferriero, T.J. Hensick, Andrej Nestrasil, Max Friberg, Paul Bissonnette

% Time on Ice - Tigers

Lines # - Real PCT - Wanted PCT - Time Play
Normal Forward
1 - 23% - 35% - 11:09
2 - 28% - 30% - 13:22
3 - 36% - 22% - 17:28
4 - 13% - 13% - 6:19
Normal Defense
1 - 31% - 35% - 14:50
2 - 38% - 30% - 18:09
3 - 26% - 22% - 12:35
4 - 6% - 13% - 2:44
PP Forward
1 - 57% - 60% - 4:24
2 - 43% - 40% - 3:20
PP Defense
1 - 73% - 60% - 5:37
2 - 27% - 40% - 2:07
PK Forward
1 - 96% - 60% - 3:48
2 - 4% - 40% - 0:10
PK Defense
1 - 70% - 60% - 2:46
2 - 30% - 40% - 1:12
PK3 Forward
1 - 0% - 60%
2 - 0% - 40%
PK3 Defense
1 - 0% - 60%
2 - 0% - 40%
44 Forward
1 - 0% - 60%
2 - 0% - 40%
44 Defense
1 - 0% - 60%
2 - 0% - 40%
Last Minute Offensive  - 0:00
Last Minute Defensive  - 0:00
Total
Forward - 60:00
Defense - 60:00

% Time on Ice - Monsters

Lines # - Real PCT - Wanted PCT - Time Play
Normal Forward
1 - 25% - 35% - 11:56
2 - 30% - 30% - 14:34
3 - 25% - 22% - 12:17
4 - 20% - 13% - 9:31
Normal Defense
1 - 22% - 35% - 10:42
2 - 35% - 30% - 16:49
3 - 24% - 22% - 11:23
4 - 19% - 13% - 9:24
PP Forward
1 - 56% - 60% - 2:14
2 - 44% - 40% - 1:44
PP Defense
1 - 39% - 60% - 1:33
2 - 61% - 40% - 2:25
PK Forward
1 - 87% - 60% - 6:43
2 - 13% - 40% - 1:01
PK Defense
1 - 61% - 60% - 4:45
2 - 39% - 40% - 2:59
PK3 Forward
1 - 0% - 60%
2 - 0% - 40%
PK3 Defense
1 - 0% - 60%
2 - 0% - 40%
44 Forward
1 - 0% - 60%
2 - 0% - 40%
44 Defense
1 - 0% - 60%
2 - 0% - 40%
Last Minute Offensive  - 0:00
Last Minute Defensive  - 0:00
Total
Forward - 60:00
Defense - 60:00

Play by Play

1st period


0:01 of 1st period - Benn Ferriero wins face-off versus Alexander Khokhlachev in neutral zone.
0:10 of 1st period - Wrist shot by T.J. Hensick.
0:10 of 1st period - Shot Blocked by Adam Comrie.
0:16 of 1st period - Snap shot by T.J. Hensick.
0:16 of 1st period - Deflect By Alexander Khokhlachev.
0:16 of 1st period - Shot Misses the Net.
0:16 of 1st period - Puck is out of play.
0:17 of 1st period - Alexander Khokhlachev wins face-off versus T.J. Hensick in Tigers zone.
0:59 of 1st period - Paul Bissonnette is hit by Ty Rattie and loses puck.
1:14 of 1st period - Snap shot by Harry Zolnierczyk.
1:14 of 1st period - Goal by Harry Zolnierczyk - Tigers : 1 - Monsters : 0.
1:15 of 1st period - Tanner Richard wins face-off versus Toby Petersen in neutral zone.
1:34 of 1st period - Snap shot by Raphael Bussieres.
1:34 of 1st period - Shot Misses the Net.
1:44 of 1st period - Backhand shot by Raphael Bussieres.
1:44 of 1st period - Shot Misses the Net.
1:46 of 1st period - Slapshot by Gleason Fournier.
1:46 of 1st period - Shot Blocked by Ben Blood.
2:05 of 1st period - Slapshot by Farm Player27.
2:05 of 1st period - Stopped by Andrew Hammond with a rebound.
2:36 of 1st period - Farm Player18 and Will Weber fight to a draw.
2:36 of 1st period - Penalty to Farm Player18 for Fighting.
2:36 of 1st period - Penalty to Will Weber for Fighting.
2:37 of 1st period - Bracken Kearns wins face-off versus Paul Bissonnette in Monsters zone.
3:06 of 1st period - Snap shot by Paul Bissonnette.
3:06 of 1st period - Shot Misses the Net.
3:41 of 1st period - Snap shot by Benn Ferriero.
3:41 of 1st period - Shot Blocked by Alexander Khokhlachev.
3:43 of 1st period - Snap shot by Andrej Nestrasil.
3:43 of 1st period - Shot Blocked by Jed Ortmeyer.
4:01 of 1st period - Brandon Bollig is hit by T.J. Hensick and loses puck.
4:53 of 1st period - Farm Player27 is hit by Kane Lafranchise.
4:59 of 1st period - Kane Lafranchise is hit by Farm Player72.
5:10 of 1st period - Wrist shot by Harry Zolnierczyk.
5:10 of 1st period - Stopped by Farm Player100 with a rebound.
5:16 of 1st period - Bracken Kearns is hit by Matthew Corrente and loses puck.
5:29 of 1st period - Andrew Joudrey is hit by Harry Zolnierczyk and loses puck.
6:03 of 1st period - Austin Levi is hit by Benn Ferriero.
7:23 of 1st period - Brandon Bollig is hit by Andrej Nestrasil and loses puck.
7:41 of 1st period - Wrist shot by Anthony Peluso.
7:41 of 1st period - Stopped by Farm Player100 with a rebound.
7:53 of 1st period - Anthony Peluso is hit by Farm Player27 and loses puck.
8:42 of 1st period - T.J. Hensick is hit by Alexander Khokhlachev and loses puck.
8:59 of 1st period - Austin Levi is hit by Paul Bissonnette and loses puck.
9:24 of 1st period - Snap shot by Matthew Corrente.
9:24 of 1st period - Shot Misses the Net.
9:34 of 1st period - Gleason Fournier is hit by Will Weber and loses puck.
10:04 of 1st period - Off-side.
10:05 of 1st period - Alexander Khokhlachev wins face-off versus T.J. Hensick in neutral zone.
10:08 of 1st period - Andrej Nestrasil is hit by A.J. Gale and loses puck.
10:21 of 1st period - Snap shot by Alexander Khokhlachev.
10:21 of 1st period - Goal by Alexander Khokhlachev - Tigers : 2 - Monsters : 0.
10:22 of 1st period - Tanner Richard wins face-off versus Bracken Kearns in neutral zone.
10:25 of 1st period - Harry Zolnierczyk is hit by Matthew Corrente and loses puck.
10:38 of 1st period - Snap shot by Brett Hextall.
10:38 of 1st period - Shot Blocked by Austin Levi.
10:44 of 1st period - Wrist shot by Raphael Bussieres.
10:44 of 1st period - Shot Misses the Net.
11:28 of 1st period - Snap shot by Toby Petersen.
11:28 of 1st period - Stopped by Farm Player100 with a rebound.
12:53 of 1st period - Snap shot by Farm Player27.
12:53 of 1st period - Shot Misses the Net.
12:55 of 1st period - Snap shot by Farm Player72.
12:55 of 1st period - Stopped by Andrew Hammond without a rebound.
12:56 of 1st period - A.J. Gale wins face-off versus Farm Player18 in Tigers zone.
13:11 of 1st period - Jed Ortmeyer is hit by Farm Player72 and loses puck.
13:28 of 1st period - Wrist shot by Harry Zolnierczyk.
13:28 of 1st period - Stopped by Farm Player100 without a rebound.
13:29 of 1st period - Bracken Kearns wins face-off versus Andrew Joudrey in Monsters zone.
13:32 of 1st period - Slapshot by Bracken Kearns.
13:32 of 1st period - Stopped by Farm Player100 with a rebound.
13:36 of 1st period - Wrist shot by Bracken Kearns.
13:36 of 1st period - Stopped by Farm Player100 with a rebound.
13:50 of 1st period - Wrist shot by Toby Petersen.
13:50 of 1st period - Stopped by Farm Player100 with a rebound.
13:58 of 1st period - Snap shot by Toby Petersen.
13:58 of 1st period - Stopped by Farm Player100 with a rebound.
14:04 of 1st period - Minor Penalty to Mike Mottau for Roughing.
14:05 of 1st period - Benn Ferriero wins face-off versus Alexander Khokhlachev in Monsters zone.
14:34 of 1st period - Benn Ferriero is hit by Ty Rattie and loses puck.
14:41 of 1st period - Snap shot by Harry Zolnierczyk.
14:41 of 1st period - Shot Misses the Net.
14:43 of 1st period - Snap shot by Harry Zolnierczyk.
14:43 of 1st period - Goal by Harry Zolnierczyk - Tigers : 3 - Monsters : 0.
14:44 of 1st period - Toby Petersen wins face-off versus Andrew Joudrey in neutral zone.
14:48 of 1st period - Paul Bissonnette and Anthony Peluso fight to a draw.
14:48 of 1st period - Penalty to Paul Bissonnette for Fighting.
14:48 of 1st period - Penalty to Anthony Peluso for Fighting.
14:49 of 1st period - Bracken Kearns wins face-off versus T.J. Hensick in Tigers zone.
14:53 of 1st period - Off-side.
14:54 of 1st period - Bracken Kearns wins face-off versus T.J. Hensick in neutral zone.
15:01 of 1st period - Wrist shot by Harry Zolnierczyk.
15:01 of 1st period - Stopped by Farm Player100 with a rebound.
15:03 of 1st period - Snap shot by Bracken Kearns.
15:03 of 1st period - Stopped by Farm Player100 without a rebound.
15:04 of 1st period - T.J. Hensick wins face-off versus Bracken Kearns in Monsters zone.
15:13 of 1st period - Snap shot by Bracken Kearns.
15:13 of 1st period - Deflect By Harry Zolnierczyk.
15:13 of 1st period - Stopped by Farm Player100 with a rebound.
15:15 of 1st period - Slapshot by Ty Rattie.
15:15 of 1st period - Stopped by Farm Player100 with a rebound.
15:17 of 1st period - Snap shot by Bracken Kearns.
15:17 of 1st period - Goal by Bracken Kearns - Tigers : 4 - Monsters : 0.
15:17 of 1st period - Farm Player80 enters game.
15:18 of 1st period - Alexander Khokhlachev wins face-off versus T.J. Hensick in neutral zone.
15:20 of 1st period - Nolan Yonkman beats up Andrej Nestrasil.
15:20 of 1st period - Penalty to Andrej Nestrasil for Fighting.
15:20 of 1st period - Penalty to Nolan Yonkman for Fighting.
15:20 of 1st period - Penalty to Andrej Nestrasil for instigated a fight.
15:20 of 1st period - Penalty to Andrej Nestrasil for instigated a fight.
15:21 of 1st period - Alexander Khokhlachev wins face-off versus Benn Ferriero in neutral zone.
16:12 of 1st period - Benn Ferriero is hit by Ty Rattie.
16:25 of 1st period - Gleason Fournier is hit by Bracken Kearns and loses puck.
17:20 of 1st period - Penalty to Andrej Nestrasil is over, Farm Player12 is send on ice.
17:36 of 1st period - Toby Petersen is hit by Max Friberg and loses puck.
18:06 of 1st period - Farm Player27 is hit by Brandon DeFazio.
19:35 of 1st period - Minor Penalty to Mike Mottau for Hooking.
19:36 of 1st period - Benn Ferriero wins face-off versus Alexander Khokhlachev in Monsters zone.
19:48 of 1st period - Penalty to Paul Bissonnette is over, Paul Bissonnette is back on ice.
Goals for this period are 4 for Tigers vs 0 for Monsters.
Shots for this period are 16 for Tigers vs 2 for Monsters.

2nd period


0:01 of 2nd period - Benn Ferriero wins face-off versus Alexander Khokhlachev in neutral zone.
0:20 of 2nd period - Penalty to Andrej Nestrasil is over, Brett Hextall is send on ice.
1:35 of 2nd period - Penalty to Mike Mottau is over, Mike Mottau is back on ice.
2:13 of 2nd period - Wrist shot by Anthony Peluso.
2:13 of 2nd period - Goal by Anthony Peluso - Tigers : 5 - Monsters : 0.
2:14 of 2nd period - Bracken Kearns wins face-off versus Andrew Joudrey in neutral zone.
3:12 of 2nd period - Benn Ferriero is hit by Toby Petersen and loses puck.
4:06 of 2nd period - Snap shot by Jed Ortmeyer.
4:06 of 2nd period - Shot Misses the Net.
4:08 of 2nd period - Slapshot by Jed Ortmeyer.
4:08 of 2nd period - Deflect By Alexander Khokhlachev.
4:08 of 2nd period - Stopped by Farm Player80 with a rebound.
5:14 of 2nd period - Matthew Corrente and Anthony Peluso fight to a draw.
5:14 of 2nd period - Penalty to Matthew Corrente for Fighting.
5:14 of 2nd period - Penalty to Anthony Peluso for Fighting.
5:15 of 2nd period - T.J. Hensick wins face-off versus Toby Petersen in Monsters zone.
5:45 of 2nd period - Wrist shot by Bracken Kearns.
5:45 of 2nd period - Shot Misses the Net.
6:14 of 2nd period - Snap shot by Paul Bissonnette.
6:14 of 2nd period - Stopped by Andrew Hammond without a rebound.
6:15 of 2nd period - Tanner Richard wins face-off versus Bracken Kearns in Tigers zone.
6:40 of 2nd period - Snap shot by Bracken Kearns.
6:40 of 2nd period - Shot Misses the Net.
8:02 of 2nd period - Snap shot by Alexander Khokhlachev.
8:02 of 2nd period - Deflect By Gleason Fournier.
8:02 of 2nd period - Stopped by Farm Player80 without a rebound.
8:03 of 2nd period - Alexander Khokhlachev wins face-off versus T.J. Hensick in Monsters zone.
8:10 of 2nd period - Snap shot by Jed Ortmeyer.
8:10 of 2nd period - Goal by Jed Ortmeyer - Tigers : 6 - Monsters : 0.
8:11 of 2nd period - T.J. Hensick wins face-off versus Jed Ortmeyer in neutral zone.
8:13 of 2nd period - Minor Penalty to Farm Player27 for Holding.
8:14 of 2nd period - Alexander Khokhlachev wins face-off versus Benn Ferriero in Monsters zone.
9:21 of 2nd period - Snap shot by Harry Zolnierczyk.
9:21 of 2nd period - Goal by Harry Zolnierczyk - Tigers : 7 - Monsters : 0.
9:22 of 2nd period - Toby Petersen wins face-off versus Andrew Joudrey in neutral zone.
9:33 of 2nd period - Wrist shot by Andrew Joudrey.
9:33 of 2nd period - Shot Misses the Net.
9:37 of 2nd period - Snap shot by Andrew Joudrey.
9:37 of 2nd period - Shot Blocked by Bracken Kearns.
9:39 of 2nd period - Slapshot by Gleason Fournier.
9:39 of 2nd period - Stopped by Andrew Hammond with a rebound.
9:59 of 2nd period - Backhand shot by Paul Bissonnette.
9:59 of 2nd period - Shot Misses the Net.
10:05 of 2nd period - Minor Penalty to Will Weber for Hooking.
10:06 of 2nd period - T.J. Hensick wins face-off versus Alexander Khokhlachev in Tigers zone.
10:14 of 2nd period - Penalty to Anthony Peluso is over, Anthony Peluso is back on ice.
10:15 of 2nd period - Slapshot by Benn Ferriero.
10:15 of 2nd period - Shot Misses the Net.
10:17 of 2nd period - Slapshot by T.J. Hensick.
10:17 of 2nd period - Shot Misses the Net.
10:19 of 2nd period - Wrist shot by T.J. Hensick.
10:19 of 2nd period - Stopped by Andrew Hammond with a rebound.
10:20 of 2nd period - 10 Minutes Misconduct Penalty to Andrej Nestrasil is over.
10:47 of 2nd period - Adam Comrie is hit by Paul Bissonnette and loses puck.
11:10 of 2nd period - Alexander Khokhlachev is hit by Andrej Nestrasil and loses puck.
12:05 of 2nd period - Penalty to Will Weber is over, Will Weber is back on ice.
12:06 of 2nd period - Adam Comrie is hit by Farm Player12.
12:25 of 2nd period - Will Weber is hit by Mike Mottau and loses puck.
13:44 of 2nd period - Off-side.
13:45 of 2nd period - Bracken Kearns wins face-off versus Andrew Joudrey in neutral zone.
14:37 of 2nd period - Anthony Peluso is hit by Matthew Corrente and loses puck.
14:52 of 2nd period - Mike Mottau is hit by A.J. Gale and loses puck.
15:09 of 2nd period - Matthew Corrente is hit by Jed Ortmeyer and loses puck.
15:49 of 2nd period - Jed Ortmeyer is hit by Raphael Bussieres and loses puck.
15:58 of 2nd period - Raphael Bussieres is hit by Brandon Bollig and loses puck.
16:19 of 2nd period - Backhand shot by Paul Bissonnette.
16:19 of 2nd period - Stopped by Andrew Hammond without a rebound.
16:20 of 2nd period - Andrew Joudrey wins face-off versus Bracken Kearns in Tigers zone.
16:21 of 2nd period - Wrist shot by Paul Bissonnette.
16:21 of 2nd period - Shot Blocked by Kane Lafranchise.
16:39 of 2nd period - Kane Lafranchise is hit by Matthew Corrente and loses puck.
17:04 of 2nd period - Jed Ortmeyer is hit by Gleason Fournier and loses puck.
17:18 of 2nd period - Benn Ferriero is hit by Jed Ortmeyer and loses puck.
17:29 of 2nd period - Harry Zolnierczyk is hit by Benn Ferriero and loses puck.
17:40 of 2nd period - Snap shot by Harry Zolnierczyk.
17:40 of 2nd period - Stopped by Farm Player80 with a rebound.
17:42 of 2nd period - Snap shot by Bracken Kearns.
17:42 of 2nd period - Shot Misses the Net.
17:49 of 2nd period - Icing by Farm Player13.
17:50 of 2nd period - T.J. Hensick wins face-off versus Toby Petersen in Monsters zone.
17:59 of 2nd period - Slapshot by Jed Ortmeyer.
17:59 of 2nd period - Stopped by Farm Player80 with a rebound.
18:01 of 2nd period - Backhand shot by Kane Lafranchise.
18:01 of 2nd period - Shot Blocked by Andrej Nestrasil.
18:03 of 2nd period - Snap shot by Jed Ortmeyer.
18:03 of 2nd period - Shot Misses the Net.
18:05 of 2nd period - Snap shot by Brandon Bollig.
18:05 of 2nd period - Shot Misses the Net.
18:25 of 2nd period - Snap shot by Harry Zolnierczyk.
18:25 of 2nd period - Goal by Harry Zolnierczyk - Tigers : 8 - Monsters : 0.
18:25 of 2nd period - Farm Player100 enters game.
18:26 of 2nd period - Brandon DeFazio wins face-off versus Andrew Joudrey in neutral zone.
18:37 of 2nd period - Toby Petersen is hit by Max Friberg and loses puck.
18:54 of 2nd period - Anthony Peluso is hit by Matthew Corrente and loses puck.
19:37 of 2nd period - Harry Zolnierczyk is hit by Tanner Richard and loses puck.
Goals for this period are 4 for Tigers vs 0 for Monsters.
Shots for this period are 8 for Tigers vs 4 for Monsters.

3rd period


0:01 of 3rd period - T.J. Hensick wins face-off versus Alexander Khokhlachev in neutral zone.
0:22 of 3rd period - Wrist shot by T.J. Hensick.
0:22 of 3rd period - Shot Misses the Net.
1:02 of 3rd period - Wrist shot by Harry Zolnierczyk.
1:02 of 3rd period - Stopped by Farm Player100 with a rebound.
1:31 of 3rd period - Backhand shot by Max Friberg.
1:31 of 3rd period - Stopped by Andrew Hammond with a rebound.
1:33 of 3rd period - Slapshot by Matthew Corrente.
1:33 of 3rd period - Shot Blocked by Bracken Kearns.
1:43 of 3rd period - Snap shot by Paul Bissonnette.
1:43 of 3rd period - Stopped by Andrew Hammond with a rebound.
2:01 of 3rd period - Ben Blood is hit by Matthew Corrente and loses puck.
2:23 of 3rd period - Snap shot by Tanner Richard.
2:23 of 3rd period - Shot Misses the Net.
2:25 of 3rd period - Snap shot by Brett Hextall.
2:25 of 3rd period - Shot Blocked by Anthony Peluso.
2:27 of 3rd period - Wrist shot by Brett Hextall.
2:27 of 3rd period - Stopped by Andrew Hammond with a rebound.
2:51 of 3rd period - Farm Player13 is hit by Brandon Bollig and loses puck.
3:48 of 3rd period - Icing by Andrew Joudrey.
3:49 of 3rd period - T.J. Hensick wins face-off versus Toby Petersen in Monsters zone.
3:49 of 3rd period - T.J. Hensick is hit by Will Weber.
4:05 of 3rd period - Brandon DeFazio is hit by Benn Ferriero and loses puck.
4:37 of 3rd period - Wrist shot by Raphael Bussieres.
4:37 of 3rd period - Shot Misses the Net.
4:45 of 3rd period - Snap shot by Brett Hextall.
4:45 of 3rd period - Shot Misses the Net.
4:47 of 3rd period - Slapshot by Raphael Bussieres.
4:47 of 3rd period - Stopped by Andrew Hammond without a rebound.
4:48 of 3rd period - Alexander Khokhlachev wins face-off versus Farm Player72 in Tigers zone.
5:19 of 3rd period - Austin Levi is hit by Farm Player27 and loses puck.
5:45 of 3rd period - Snap shot by Andrew Joudrey.
5:45 of 3rd period - Deflect By Paul Bissonnette.
5:45 of 3rd period - Shot Misses the Net.
5:45 of 3rd period - Puck is out of play.
5:46 of 3rd period - Bracken Kearns wins face-off versus T.J. Hensick in Tigers zone.
5:55 of 3rd period - Slapshot by Ty Rattie.
5:55 of 3rd period - Stopped by Farm Player100 with a rebound.
5:59 of 3rd period - Snap shot by Harry Zolnierczyk.
5:59 of 3rd period - Shot Blocked by Benn Ferriero.
6:01 of 3rd period - Backhand shot by Harry Zolnierczyk.
6:01 of 3rd period - Shot Blocked by T.J. Hensick.
6:03 of 3rd period - Slapshot by Nolan Yonkman.
6:03 of 3rd period - Stopped by Farm Player100 with a rebound.
6:05 of 3rd period - Slapshot by Adam Comrie.
6:05 of 3rd period - Deflect By Matthew Corrente.
6:05 of 3rd period - Stopped by Farm Player100 without a rebound.
6:05 of 3rd period - Nolan Yonkman beats up Matthew Corrente.
6:05 of 3rd period - Penalty to Matthew Corrente for Fighting.
6:05 of 3rd period - Penalty to Nolan Yonkman for Fighting.
6:05 of 3rd period - Penalty to Nolan Yonkman for instigated a fight.
6:05 of 3rd period - Penalty to Nolan Yonkman for instigated a fight.
6:06 of 3rd period - T.J. Hensick wins face-off versus Alexander Khokhlachev in Monsters zone.
6:11 of 3rd period - Alexander Khokhlachev is hit by Andrej Nestrasil and loses puck.
6:32 of 3rd period - Brandon Bollig is hit by T.J. Hensick.
6:44 of 3rd period - Alexander Khokhlachev is hit by Benn Ferriero and loses puck.
7:01 of 3rd period - Wrist shot by Andrew Joudrey.
7:01 of 3rd period - Stopped by Andrew Hammond with a rebound.
7:03 of 3rd period - Slapshot by Gleason Fournier.
7:03 of 3rd period - Shot Blocked by Kane Lafranchise.
7:05 of 3rd period - Wrist shot by Gleason Fournier.
7:05 of 3rd period - Shot Misses the Net.
7:56 of 3rd period - Adam Comrie is hit by Max Friberg and loses puck.
8:05 of 3rd period - Penalty to Nolan Yonkman is over, Ty Rattie is send on ice.
8:05 of 3rd period - Slapshot by Paul Bissonnette.
8:05 of 3rd period - Stopped by Andrew Hammond without a rebound.
8:06 of 3rd period - Andrew Joudrey wins face-off versus Bracken Kearns in Tigers zone.
8:45 of 3rd period - Toby Petersen is hit by Tanner Richard and loses puck.
8:55 of 3rd period - Slapshot by Toby Petersen.
8:55 of 3rd period - Shot Misses the Net.
8:56 of 3rd period - Anthony Peluso beats up Raphael Bussieres.
8:56 of 3rd period - Penalty to Raphael Bussieres for Fighting.
8:56 of 3rd period - Penalty to Anthony Peluso for Fighting.
8:56 of 3rd period - Anthony Peluso is ejected from game.
8:57 of 3rd period - Benn Ferriero wins face-off versus Bracken Kearns in Monsters zone.
9:04 of 3rd period - Wrist shot by Benn Ferriero.
9:04 of 3rd period - Shot Misses the Net.
9:06 of 3rd period - Slapshot by Mike Mottau.
9:06 of 3rd period - Stopped by Andrew Hammond with a rebound.
9:08 of 3rd period - Wrist shot by Andrej Nestrasil.
9:08 of 3rd period - Shot Misses the Net.
9:32 of 3rd period - Snap shot by Andrej Nestrasil.
9:32 of 3rd period - Stopped by Andrew Hammond with a rebound.
9:34 of 3rd period - Slapshot by Mike Mottau.
9:34 of 3rd period - Deflect By Benn Ferriero.
9:34 of 3rd period - Shot Misses the Net.
9:34 of 3rd period - Puck is out of play.
9:35 of 3rd period - Max Friberg wins face-off versus Alexander Khokhlachev in Tigers zone.
10:01 of 3rd period - Wrist shot by Andrew Joudrey.
10:01 of 3rd period - Shot Misses the Net.
10:25 of 3rd period - Tanner Richard is hit by Harry Zolnierczyk and loses puck.
10:58 of 3rd period - Snap shot by Toby Petersen.
10:58 of 3rd period - Shot Blocked by Tanner Richard.
11:08 of 3rd period - Kane Lafranchise is hit by Brett Hextall and loses puck.
11:28 of 3rd period - Alexander Khokhlachev is hit by Andrej Nestrasil and loses puck.
11:33 of 3rd period - Snap shot by Benn Ferriero.
11:33 of 3rd period - Shot Misses the Net.
11:57 of 3rd period - Toby Petersen is hit by Matthew Corrente and loses puck.
12:22 of 3rd period - Adam Comrie is hit by Paul Bissonnette and loses puck.
13:37 of 3rd period - Off-side.
13:38 of 3rd period - Toby Petersen wins face-off versus Andrej Nestrasil in neutral zone.
13:55 of 3rd period - Jed Ortmeyer is hit by Farm Player18 and loses puck.
14:18 of 3rd period - Wrist shot by Bracken Kearns.
14:18 of 3rd period - Goal by Bracken Kearns - Tigers : 9 - Monsters : 0.
14:19 of 3rd period - Toby Petersen wins face-off versus Tanner Richard in neutral zone.
14:28 of 3rd period - Wrist shot by Bracken Kearns.
14:28 of 3rd period - Stopped by Farm Player100 with a rebound.
14:30 of 3rd period - Snap shot by Brandon DeFazio.
14:30 of 3rd period - Shot Misses the Net.
14:32 of 3rd period - Slapshot by Bracken Kearns.
14:32 of 3rd period - Deflect By Toby Petersen.
14:32 of 3rd period - Shot Blocked by Gleason Fournier.
14:32 of 3rd period - Puck is out of play.
14:33 of 3rd period - Toby Petersen wins face-off versus Tanner Richard in Monsters zone.
14:41 of 3rd period - Minor Penalty to Raphael Bussieres for Tripping.
14:42 of 3rd period - Alexander Khokhlachev wins face-off versus Benn Ferriero in Monsters zone.
15:22 of 3rd period - Slapshot by Bracken Kearns.
15:22 of 3rd period - Shot Misses the Net.
15:44 of 3rd period - Wrist shot by T.J. Hensick.
15:44 of 3rd period - Goal by T.J. Hensick - Tigers : 9 - Monsters : 1.
15:45 of 3rd period - Alexander Khokhlachev wins face-off versus Benn Ferriero in neutral zone.
16:41 of 3rd period - Penalty to Raphael Bussieres is over, Raphael Bussieres is back on ice.
16:59 of 3rd period - Will Weber is hit by Matthew Corrente and loses puck.
17:15 of 3rd period - Slapshot by Austin Levi.
17:15 of 3rd period - Shot Blocked by Max Friberg.
18:43 of 3rd period - Paul Bissonnette is hit by Brandon DeFazio and loses puck.
19:37 of 3rd period - Matthew Corrente is hit by Alexander Khokhlachev and loses puck.
19:56 of 3rd period - Snap shot by T.J. Hensick.
19:56 of 3rd period - Stopped by Andrew Hammond with a rebound.
19:58 of 3rd period - Wrist shot by Benn Ferriero.
19:58 of 3rd period - Stopped by Andrew Hammond with a rebound.
Goals for this period are 1 for Tigers vs 1 for Monsters.
Shots for this period are 6 for Tigers vs 11 for Monsters.


Output by the SimonT Hockey Simulator (STHS) for Eric Dolegowski -- Original Page W3C XHTML 1.0 Valid
Hockey Simulator - Hockey Simulation - Hockey Manager